 Dungeon Crawl Stone Soup version 0.19.1 (webtiles) character file.

245 Jerry the Slasher (level 5, 10/41 HPs)
             Began as a Demigod Skald on Dec 15, 2016.
             Quit the game on level 4 of the Dungeon.
             The game lasted 00:10:17 (4160 turns).

Jerry the Slasher (Demigod Skald)                   Turns: 4160, Time: 00:10:17

Health: 10/41      AC:  3    Str: 15    XL:     5   Next: 53%
Magic:  10/10      EV: 13    Int: 16    God:
Gold:   224        SH:  0    Dex: 17    Spells: 2 memorised, 3 levels left

rFire  + . .     SeeInvis .     a - +0 falchion
rCold  . . .     Gourm    .     s - +0 leather armour {rF+}
rNeg   . . .     Faith    .     (no shield)
rPois  .         Spirit   .     (no helmet)
rElec  .         Reflect  .     (no cloak)
rCorr  .         Harm     .     (no gloves)
MR     .....                    (no boots)
Stlth  +.........               (no amulet)
                                (no ring)
                                (no ring)

@: no status effects
A: high mp 1
a: no special abilities


You were on level 4 of the Dungeon.
You were not hungry.

You visited 1 branch of the dungeon, and saw 4 of its levels.

You collected 224 gold pieces.

Inventory:

Hand Weapons
 a - a +0 falchion (weapon)
Armour
 b - a +0 leather armour
 o - a +0 chain mail
 s - a +0 leather armour of fire resistance (worn)
Jewellery
 m - an uncursed amulet of magic regeneration {unknown}
Wands
 j - a wand of polymorph (16/24)
Scrolls
 g - a scroll of immolation {unknown}
 h - a scroll of fog {unknown}
 i - a scroll of blinking {unknown}
 n - a scroll of enchant weapon {unknown}
 p - a scroll of teleportation {unknown}
 q - 2 scrolls of identify {unknown}
 t - a scroll of recharging {unknown}
 u - a scroll of remove curse {unknown}
Potions
 e - a potion of berserk rage
 f - a potion of lignification {unknown}
 k - a potion of resistance {unknown}
 v - a potion of curing {unknown}
 x - 2 potions of flight {unknown}
Books
 c - a book of Battle

   Spells                             Type                      Level
   a - Infusion                       Charms                       1
   b - Shroud of Golubria             Charms/Translocation         2
   c - Song of Slaying                Charms                       2
   d - Spectral Weapon                Hexes/Charms                 3
   e - Regeneration                   Charms/Necromancy            3
Comestibles
 d - 3 bread rations
 l - a royal jelly
 r - 2 chunks of flesh


   Skills:
 - Level 1.7 Fighting
 + Level 3.1 Long Blades
 + Level 2.7 Armour
 + Level 2.6 Dodging
 - Level 1.7 Spellcasting
 - Level 2.6 Charms
 * Level 2.2 Necromancy


You had 3 spell levels left.
You knew the following spells:

 Your Spells              Type           Power        Failure   Level  Hunger
a - Infusion              Chrm           ##..         10%         1    ##.....
b - Regeneration          Chrm/Necr      #.........   34%         3    ####...


Dungeon Overview and Level Annotations

Branches:
Dungeon (4/15)
 Temple: D:4-7

Annotations:
D:4 Edmund


Innate Abilities, Weirdness & Mutations

You have an increased reservoir of magic. (+10% MP)


Message History

You closely miss the howler monkey.
The howler monkey is severely wounded.
The howler monkey hits you. The leopard gecko bites you.
The howler monkey hits you.
Edmund the Younger comes into view.
He is wielding a flail of holy wrath.
You hit the howler monkey but do no damage.
The howler monkey is severely wounded.
The leopard gecko barely misses you.
The howler monkey hoots and howls with incredible vigour!
The leopard gecko misses you.
You riposte.
You barely miss the leopard gecko.
You hear a shout! x2; You hear a bark!
You hit the howler monkey.
The howler monkey is severely wounded.
The howler monkey hits you.
* * * LOW HITPOINT WARNING * * *
The leopard gecko completely misses you.
You are too injured to fight recklessly!
You are too injured to fight recklessly!
You are too injured to fight recklessly!
Are you sure you want to abandon this character and quit the game? (Confirm with "yes".)

## ### .. ...
#####.#####.#####
.......<.........
....#.###>#.....
.....@h@.........
###...l...#####.#
#.......# #.
..........# #.
###.......# . #.
#.......# .. #.
##.....## ....#.
#.....# ...#..
#<#..


You could see Edmund, a howler monkey and a leopard gecko.

Vanquished Creatures
  Terence (D:3)
  Natasha (thrice) (D:3)
  Ijyb (D:2)
  7 adders
  2 dart slugs
  4 orcs (D:3)
  5 bats
  4 giant cockroaches
  4 goblins
  6 hobgoblins
  A quokka (D:3)
  2 ball pythons (D:1)
  9 frilled lizards
  6 kobolds
  A leopard gecko skeleton (D:4)
  6 rats
62 creatures vanquished.

Notes
Turn   | Place    | Note
-------+----------+-------------------------------------------
     0 | D:1      | Jerry the Demigod Skald began the quest for the Orb.
     0 | D:1      | Reached XP level 1. HP: 17/17 MP: 5/5
   146 | D:1      | Reached skill level 1 in Armour
   196 | D:1      | Reached skill level 1 in Dodging
   245 | D:1      | Reached skill level 2 in Long Blades
   481 | D:1      | Reached XP level 2. HP: 13/24 MP: 7/7
  1307 | D:2      | Found a white marble altar of Elyvilon.
  1534 | D:2      | Reached XP level 3. HP: 19/29 MP: 8/8
  1968 | D:2      | Learned a level 3 spell: Regeneration
  1999 | D:2      | Noticed Ijyb
  2037 | D:2      | Killed Ijyb
  2037 | D:2      | Reached XP level 4. HP: 21/36 MP: 9/9
  2163 | D:2      | Found a basalt altar of Yredelemnul.
  2163 | D:2      | Found a sparkling altar of Nemelex Xobeh.
  2163 | D:2      | Found a shadowy altar of Dithmenos.
  2163 | D:2      | Found a shattered altar of Ashenzari.
  2170 | D:2      | Found an iron altar of Okawaru.
  2170 | D:2      | Found a sacrificial altar of Ru.
  2402 | D:3      | Noticed Terence
  2442 | D:3      | Killed Terence
  2442 | D:3      | Reached skill level 1 in Necromancy
  2504 | D:3      | Noticed Natasha
  2511 | D:3      | Killed Natasha
  2534 | D:3      | Reached XP level 5. HP: 14/41 MP: 10/10
  2912 | D:3      | Noticed Natasha
  2921 | D:3      | Killed Natasha
  2921 | D:3      | Reached skill level 3 in Long Blades
  3154 | D:3      | Noticed Natasha
  3357 | D:3      | Killed Natasha
  3624 | D:4      | Noticed a phantom
  3637 | D:4      | Noticed a phantom
  4158 | D:4      | Noticed Edmund
  4160 | D:4      | Quit the game

Skill      XL: |  1  2  3  4  5 |
---------------+----------------+-----
Armour         | 1 2 |  2.7
Dodging        | 1 2 |  2.6
Long Blades    | 2 3 |  3.1
Necromancy     | 1 2 |  2.2
Fighting       | |  1.7
Spellcasting   | |  1.7
Charms         | |  2.6

Action                   |  1- 3 |  4- 6 || total
-------------------------+-------+-------++-------
Melee: Falchion          |   163 |   139 ||   302
 Cast: Infusion          |       |     2 ||     2
  Use: Potion            |       |     5 ||     5
 Stab: Sleeping          |     1 |     4 ||     5
  Eat: Chunk             |     3 |     4 ||     7
       Meat ration       |       |     1 ||     1
       Beef jerky        |       |     1 ||     1
Armor: Leather armour    |    29 |    27 ||    56
       Chain mail        |    38 |       ||    38
Dodge: Dodged            |    95 |    95 ||   190
       Rpst.: Falchion   |    33 |    27 ||    60
